Map: Temple of the Past

Players

wasp

  • Race: Protoss Protoss

larsgj

  • Race: Terran Terran

VOD

Have the link to the VOD?

Description

Time

  • Played on: Sept. 19, 2018, 1:08 p.m.
  • Length: 26:35
Show
View Real Time Build Order
Export as new Build Order

wasp Protoss 

Build Orders:  

Get SALT Encoding   

  1  0:00  Probe x12 (Chrono Boost)  
    0:10  Unknown x6  
  12  0:28  Pylon  
  12  0:44  Pylon  
  12  1:04  Gateway  
  12  1:16  Assimilator  
  12  1:39  Forge  
  12  1:48  Assimilator  
  12  2:23  Kaldalis' A.I. Personality  
  12  2:26  Legionnaire  
  15  2:56  Legionnaire  
  18  3:53  Cybernetics Core  
  18  4:21  Pylon  
  18  4:35  Pylon  
  18  4:46  Pylon  
  18  5:07  Nexus  
  18  5:44  Pylon  
  18  6:32  Photon Cannon  
  18  8:58  Legionnaire  
  21  9:28  Legionnaire  
  24  9:58  Legionnaire  
  27  10:28  Legionnaire  
  24  10:58  Legionnaire  
  24  11:07  Probe (Chrono Boost)  
  25  11:21  Probe (Chrono Boost)  
  26  11:35  Probe (Chrono Boost)  
  27  11:49  Probe (Chrono Boost)  
  27  12:03  Probe (Chrono Boost)  
  22  13:08  Cybernetics Core  
  13  14:28  Photon Cannon  
  4  17:00  Nexus  
  1  17:45  Nexus  
  1  18:28  Assimilator  
  1  18:44  Probe (Chrono Boost)  
  2  18:58  Probe (Chrono Boost)  
  3  19:08  Gateway  
  3  19:12  Probe (Chrono Boost)  
  3  19:17  Forge  
  4  19:26  Probe (Chrono Boost)  
  5  19:40  Probe (Chrono Boost)  
  5  20:27  Legionnaire  
  8  20:37  Cybernetics Core  
  8  20:49  Photon Cannon  
  8  20:53  Photon Cannon  
  8  20:57  Legionnaire  
  11  21:02  Photon Cannon  
  8  21:10  Photon Cannon  
  8  21:17  Photon Cannon  
  5  22:12  Probe (Chrono Boost)  
  6  22:26  Probe (Chrono Boost)  
  7  22:39  Probe (Chrono Boost)  
  7  22:48  Pylon  
  8  22:53  Probe (Chrono Boost)  
  9  23:07  Probe (Chrono Boost)  
  8  25:03  Gateway  
Show
View Real Time Build Order
Export as new Build Order

larsgj Terran 

Build Orders:  

Get SALT Encoding   

  1  0:00  SCV x12  
    0:10  Unknown x2  
    0:13  SCV  
  13  0:30  Supply Depot  
  13  0:37  SCV  
  14  0:54  SCV  
  15  1:07  Barracks  
  15  1:11  SCV  
  16  1:28  SCV  
  17  1:42  Marine  
  17  1:45  SCV, Supply Depot  
  19  2:01  Marine  
  19  2:02  SCV  
  21  2:18  Marine  
  21  2:19  SCV  
  22  2:25  Supply Depot  
  22  2:29  Marine  
  23  2:35  SCV  
  23  2:39  Marine  
  25  2:48  Refinery  
  25  2:49  Marine  
  26  2:51  Refinery  
  26  2:52  SCV  
  26  2:59  Marine  
  28  3:06  Barracks  
  29  3:22  Marine  
  30  3:40  Bunker  
  30  3:56  Barracks Tech Lab  
  30  4:09  SCV  
  31  4:14  Supply Depot  
  31  4:17  Supply Depot  
  31  4:18  Unknown, Marine  
  31  4:23  Marine  
  31  4:26  SCV  
  34  4:37  Barracks Tech Lab  
  34  4:43  SCV  
  34  4:49  Supply Depot  
  35  5:00  SCV  
  36  5:10  Stabilizer Medpacks  
  36  5:11  Marine  
  36  5:12  Marine  
  36  5:17  SCV  
  39  5:34  SCV  
  39  5:35  Factory  
  40  5:43  Engineering Bay  
  40  5:51  SCV  
  41  6:22  Supply Depot  
  41  6:54  Supply Depot  
  41  7:33  Terran Infantry Weapons Level 1  
  41  7:34  Starport  
  41  7:38  Armory  
  41  7:44  Supply Depot  
  41  7:55  Marine  
  41  7:56  Marine  
  43  8:06  Marine x2  
  45  8:15  Supply Depot  
  45  8:16  Marine x2  
  47  8:26  Marine  
  48  8:45  Supply Depot  
  48  9:13  Command Center  
  48  9:18  Supply Depot  
  48  9:49  Supply Depot  
  48  9:56  Starport Tech Lab  
  48  10:11  Fusion Core  
  48  10:13  Terran Infantry Armor Level 1  
  34  11:31  Battlecruiser  
  40  11:46  Terran Vehicle and Ship Weapons Level 1  
  38  11:57  Starport  
  38  12:03  Neosteel Frame  
  38  12:14  Battlecruiser  
  44  12:39  SCV  
  45  12:41  Refinery  
  45  12:56  SCV  
  46  13:11  Refinery  
  46  13:13  SCV  
  47  13:30  SCV  
  47  13:38  Supply Depot  
  48  13:42  Weapon Refit  
  48  13:47  SCV  
  49  13:53  Structure Armor  
  49  13:54  Starport Tech Lab  
  49  14:10  Supply Depot  
  48  14:26  Terran Vehicle And Ship Armor Level 1  
  46  14:33  Battlecruiser  
  52  14:53  Terran Infantry Weapons Level 2  
  39  16:08  Battlecruiser x2  
  45  16:50  Battlecruiser  
  51  17:06  Terran Vehicle and Ship Weapons Level 2  
  51  17:24  Refinery  
  51  17:31  Battlecruiser  
  51  17:34  Battlecruiser  
  63  18:47  Battlecruiser  
  63  18:49  Battlecruiser  
  63  19:58  Battlecruiser  
  69  20:16  Terran Vehicle And Ship Armor Level 2  
  69  20:43  Refinery  
  69  21:07  Battlecruiser  
  75  22:35  Fusion Core  
  75  22:36  Marine x2  
  77  22:46  Marine x2  
  79  22:56  Marine  
  79  22:57  Marine  
  81  23:07  Marine x2  
  82  23:17  Marine x2  
Tags
 
Commander
FenixRaynor
Matchup
Co-op
Replay Pack
Multiplayer
Add a new tag
Caveats
  • Supply blocks, unpowered buildings, or Contaminate may cause inaccurate times.
  • Supply counts are checked every 10 seconds.